 Dungeon Crawl Stone Soup version 0.27-a0-1312-g5cdb2b3542 (webtiles) character file.

Game seed: 14277140826778420325

205 zblv the Digger (level 5, -5/28 HPs)
             Began as a Gargoyle Earth Elementalist on June 19, 2021.
             Slain by Menkaure (20 damage)
             ... on level 4 of the Dungeon.
             The game lasted 00:08:45 (3690 turns).

zblv the Digger (Gargoyle Earth Elementalist)       Turns: 3690, Time: 00:08:46

Health: -5/28      AC:  7    Str: 11    XL:     5   Next: 83%
Magic:  10/10      EV: 11    Int: 17    God:
Gold:   99         SH:  0    Dex: 10    Spells: 2/11 levels left

rFire    . . .     SeeInvis .   n - +1 dagger (drain)
rCold    . . .     Faith    .   (no shield)
rNeg     + . .     Spirit   .   b - +0 robe
rPois    ∞         Reflect  .   (no helmet)
rElec    +         Harm     .   (no cloak)
rCorr    +         Rampage  .   (no gloves)
Will     .....                  g - +0 pair of boots
Stlth    ++........             (no amulet)
HPRegen  0.09/turn              o - ring of resist corrosion
MPRegen  0.12/turn              (no ring)

@: no status effects
A: sickness immunity, AC +4, negative energy resistance 1, electricity
resistance, torment resistance 1, petrification resistance
a: no special abilities


You were on level 4 of the Dungeon.
You visited 1 branch of the dungeon, and saw 4 of its levels.

You collected 99 gold pieces.

Inventory:

Hand Weapons
 e - a +0 club
 f - a +0 short sword
 i - a +0 mace
 n - a +1 dagger of draining (weapon)
 p - a +0 flail
Missiles
 c - 94 stones
Armour
 b - a +0 robe (worn)
 g - a +0 pair of boots (worn)
Jewellery
 o - a ring of resist corrosion (left hand)
Wands
 l - a wand of flame (14)
Potions
 a - a potion of haste {unknown}
 d - 2 potions of ambrosia {unknown}
 h - a potion of resistance {unknown}
 j - a potion of mutation {unknown}
 k - a potion of berserk rage {unknown}
 m - a potion of magic {unknown}


   Skills:
 - Level 1.5 Dodging
 - Level 2.1 Stealth
 + Level 3.7 Spellcasting
 + Level 2.5 Conjurations
 - Level 0.7 Transmutations
 + Level 5.4 Earth Magic


You had 2 spell levels left.
You knew the following spells:

 Your Spells              Type           Power      Damage    Failure   Level
a - Sandblast             Erth           42%        2d11      1%          1
b - Stone Arrow           Conj/Erth      32%        3d9       10%         3
c - Lee's Rapid Deconstr  Erth           10%        3d9*      43%         5

Your spell library contained the following spells:

 Spells                   Type           Power      Damage    Failure   Level
 Magic Dart               Conj           44%        1d5       6%          1
 Passwall                 Tmut/Erth      10%        N/A       7%          2
 Searing Ray              Conj           22%        3d3       9%          2
 Blink                    Tloc           N/A        N/A       24%         2
 Call Imp                 Summ           3%         N/A       24%         2
 Slow                     Hex            3%         N/A       24%         2
 Conjure Flame            Conj/Fire      7%         6-21      28%         3
 Dazzling Flash           Conj/Hex       14%        N/A       28%         3
 Mephitic Cloud           Conj/Pois/Air  5%         N/A       34%         3
 Petrify                  Tmut/Erth      13%        N/A       41%         4
 Fulminant Prism          Conj/Hex       3%         3d6       67%         4
 Iskenderun's Mystic Bla  Conj/Tloc      7%         2d4       67%         4


Dungeon Overview and Level Annotations

Branches:
Dungeon (4/15)
 Temple: D:4-7

Altars:

Shops:
D:3 (

Annotations:
D:4 Menkaure


Innate Abilities, Weirdness & Mutations

You are immune to sickness and miasma.
Your stone body is resilient. (AC +4)
You are immune to poison.
You resist negative energy. (rN+)
You are resistant to electric shocks. (rElec)
You are resistant to unholy torment.
You are immune to petrification.


Message History

The blast of sand hits the orc!
You kill the orc!
Unknown command.
Unknown command.
Casting: Sandblast (safe; 1% risk of failure)
Confirm with . or Enter, or press ? or * to list all spells.
You can't see any susceptible monsters within range! (Use Z to cast anyway.) Unknown command.
Casting: Sandblast (safe; 1% risk of failure)
Confirm with . or Enter, or press ? or * to list all spells.
You can't see any susceptible monsters within range! (Use Z to cast anyway.)
Casting: Sandblast (safe; 1% risk of failure)
Confirm with . or Enter, or press ? or * to list all spells.
You can't see any susceptible monsters within range! (Use Z to cast anyway.)
Casting: Sandblast (safe; 1% risk of failure)
Confirm with . or Enter, or press ? or * to list all spells.
You can't see any susceptible monsters within range! (Use Z to cast anyway.) Unknown command.
Casting: Sandblast (safe; 1% risk of failure)
Confirm with . or Enter, or press ? or * to list all spells.
You don't know that spell.
Okay, then.
Unknown command.
Magic restored.
There is a stone staircase leading down here.
You climb downwards.
You hear the sound of rushing water.
There is an entrance to a sewer on this level.
Hurry and find it before the portal rusts away!
You hear the slow rusting of a distant drain.
An adder comes into view.
Found 14 gold pieces.
Found a stone staircase leading down and a stone staircase leading up.
There is a stone staircase leading up here.
Menkaure, Prince of Dust comes into view.
The adder hisses angrily.
Found a scroll of torment, 25 stones and a short runed staff.
Menkaure shouts!
Menkaure hits you!!
Ouch! That really hurt!
You die...

#......###........#
.......###........#
#......##<........#
#.S...........#
#.....>.......#
#.............#
#.......<.....#
#......########
#...M@.....#
................
#......#....?...
#......#........
###....#........
#....#........
#....#(...|...
#.... .......


You could see Menkaure and an adder.

Vanquished Creatures
  An orc priest (D:3)
  An orc wizard (D:3)
  3 adders
  2 dart slugs (D:1)
  5 orcs
  9 ball pythons
  8 bats
  7 endoplasms
  2 giant cockroaches
  19 goblins
  11 hobgoblins
  9 jackals (D:1)
  8 kobolds
  4 quokkas (D:1)
  6 frilled lizards
  5 rats
100 creatures vanquished.

Notes
Turn   | Place    | Note
-------+----------+-------------------------------------------
     0 | D:1      | zblv the Gargoyle Earth Elementalist began the quest for
                  | the Orb.
     0 | D:1      | Reached XP level 1. HP: 10/10 MP: 3/3
   149 | D:1      | Reached XP level 2. HP: 11/15 MP: 0/5
   153 | D:1      | Reached skill level 4 in Earth Magic
   838 | D:1      | Reached XP level 3. HP: 19/19 MP: 2/6
  1063 | D:1      | Learned a level 3 spell: Stone Arrow
  1709 | D:2      | Reached XP level 4. HP: 24/24 MP: 8/8
  1826 | D:2      | Reached skill level 1 in Conjurations
  2682 | D:3      | Reached skill level 5 in Earth Magic
  3097 | D:3      | Reached XP level 5. HP: 28/28 MP: 2/10
  3310 | D:3      | Found Fywumnad's Weapon Shop.
  3608 | D:3      | Learned a level 5 spell: Lee's Rapid Deconstruction
  3634 | D:4      | Noticed a yak
  3688 | D:4      | Noticed Menkaure
  3690 | D:4      | Slain by Menkaure

Illustrated notes

Levels and vault maps discovered:
D:1:      lemuel_arrival_hallway, layout_loops_ring, minmay_strange_pillars
D:2:      layout_rooms
D:3:      cheibrodos_greedy_goblins, layout_basic, serial_shops, shop_statue
D:4:      minmay_opposing_rooms, layout_basic, temple_hall,
          portal_sewer_entry_c, nicolae_wooded_promenade,
          minmay_manual_monstrance, uniq_robin, uniq_duvessa, uniq_menkaure

Skill      XL: |  1  2  3  4  5 |
---------------+----------------+-----
Earth Magic    | 4 5 |  5.4
Spellcasting   | 3 |  3.7
Conjurations   | 1 2 |  2.5
Dodging        | |  1.5
Stealth        | |  2.1
Transmutations | |  0.7

Action                   |  1- 3 |  4- 6 || total
-------------------------+-------+-------++-------
Melee: Unarmed           |    16 |       ||    16
       Club              |    12 |       ||    12
       Short sword       |    90 |    82 ||   172
       Mace              |       |    29 ||    29
       Dagger            |       |    71 ||    71
 Cast: Sandblast         |    27 |     8 ||    35
       Stone Arrow       |       |     2 ||     2
  Use: Scroll            |       |     4 ||     4
       Potion            |       |     1 ||     1
 Stab: Sleeping          |     3 |     4 ||     7
Armor: Robe              |    56 |    92 ||   148
Dodge: Dodged            |   113 |   116 ||   229

Table legend: (Time is in decaauts)
 A = Elapsed time spent in this place.
 B = Non-inter-level travel time spent in this place.
 C = Inter-level travel time spent in this place.
 D = Time resting spent in this place.
 E = Time spent auto-exploring this place.
 F = Levels seen in this place.
 G = Mean time per level.
                   A        B        C        D        E       F      G
               +--------+--------+--------+--------+--------+-----+--------+
         Total |   3720 |   3597 |    123 |    323 |   2490 |   4 |  930.0 |
       Dungeon |   3720 |   3597 |    123 |    323 |   2490 |   4 |  930.0 |
               +--------+--------+--------+--------+--------+-----+--------+

Top non-repeatable levels by time:
     D:1: 1657 daAuts
     D:3: 1204 daAuts
     D:2: 845 daAuts
     D:4: 13 daAuts
